AoeStats
← zamithdaniel

Nomad

507594082Analyzed
2v2 RM · 14d ago on Sep 18, 2026· 26m 30s· 4 players
Game mode
Random Map
Map size
176×176
Population
200
Speed
Normal
Resources
Standard
Victory
Conquest
Starting age
Dark Age
Ending age
Imperial Age
RankedLock teamsTeams togetherTeam positionsShared explorationLock speedFull tech treeHidden civsTurbo modeCheats
Victory
Defeat
🇹🇷 Khmer · Türkiye
1002
+16
🇪🇸 Huns · Spain
981
+17
🇪🇨 Mongols · Ecuador
1060
-18
🇨🇴 Turks · Colombia
954
-15
i.yildirim35
14:44 Feudal Age
16:58 Fishing Lines
17:13 Double-Bit Axe
22:14 Castle Age
20:50 Scale Barding Armor
20:56 Forging
21:27 Gold Mining
21:45 Arson
24:08 Gold Shaft Mining
23:44 Bow Saw
23:29 Gillnets
25:04 Chain Barding Armor
25:20 Iron Casting
26:19 Husbandry
26:29 Bloodlines
trankilo
2:53 Loom
12:44 Feudal Age
13:25 Double-Bit Axe
14:31 Bloodlines
15:20 Scale Barding Armor
16:05 Forging
22:14 Castle Age
20:45 Horse Collar
20:59 Gold Mining
22:57 Husbandry
23:21 Chain Barding Armor
zamithdaniel
14:41 Feudal Age
16:28 Double-Bit Axe
20:31 Horse Collar
27:57 Castle Age
25:50 Stone Mining
25:53 Gold Mining
andy_marcelo2012
5:48 Loom
13:02 Feudal Age
13:40 Horse Collar
13:46 Double-Bit Axe
21:45 Castle Age
20:18 Fletching
20:28 Padded Archer Armor
23:24 Wheelbarrow
23:01 Bow Saw
22:58 Heavy Plow
24:14 Husbandry
Connection lost

Rejoining the realm…

Still unreachable

The connection could not be restored.

Session expired

The server has moved on; the page needs a fresh start.